 Dungeon Crawl Stone Soup version 0.30-a0-808-g6e0788376e (webtiles) character file.

Game seed: 13518175683436333555

117207 cforsyth the Unseen (level 17, -1/99 (101) HPs)
             Began as a Kobold Brigand on Feb 25, 2023.
             Was the Champion of Hepliaklqana.
             Slain by a white ugly thing (20 damage)
             ... on level 4 of the Spider Nest.
             The game lasted 00:45:46 (29122 turns).

cforsyth the Unseen (Kobold Brigand)               Turns: 29122, Time: 00:45:47

HP:   -1/99 (101)   AC: 19    Str:  8    XL:     17   Next: 28%
MP:   17/17         EV: 35    Int: 12    God:    Hepliaklqana [******]
Gold: 1935          SH:  0    Dex: 23    Spells: 16/16 levels left

rFire   + + .      SeeInvis +    H - +11 short sword "Leujahah" {pain, rElec rF+ rC+ Str-2}
rCold   . . .      Faith    .    (no shield)
rNeg    . . .      Spirit   .    c - +0 steam dragon scales
rPois   .          Reflect  .    b - +1 helmet {SInv}
rElec   +          Harm     .    X - +2 cloak {rF+}
rCorr   .          Rampage  .    x - +1 pair of gloves of the Moon Troll {rC- Regen+ Slay+5 Stlth+}
Will    +....                    U - +2 pair of boots {Stlth+} Stlth *+++++++++
                                 V - amulet of the acrobat
HPRegen 1.16/turn                K - +5 ring of evasion
MPRegen 0.15/turn                C - +4 ring of protection

@: lightly drained
A: reduced essence, small, no large weapons, nightstalker 3
a: Renounce Religion, Recall Ancestor, Ancestor Identity, Transference, Idealise


You were on level 4 of the Spider Nest.
You worshipped Hepliaklqana.
Hepliaklqana was exalted by your worship.
You visited 5 branches of the dungeon, and saw 27 of its levels.
You also visited: Volcano.

You collected 2572 gold pieces.
You spent 637 gold pieces at shops.

Inventory:

Hand Weapons
 j - a +2 short sword of freezing
 n - a +2 rapier of electrocution
 H - the +11 short sword "Leujahah" (weapon) {pain, rElec rF+ rC+ Str-2}
   (You found it on level 2 of the Dungeon)

   Str:       It affects your strength (-2).
   rF:        It protects you from fire.
   rC:        It protects you from cold.
   rElec:     It insulates you from electricity.
 O - the +6 hand axe of Indignation {drain, rC+++}
   (You found it on level 2 of the Lair of Beasts)

   rC:        It renders you almost immune to cold.
Missiles
 d - 33 poisoned darts (quivered)
 e - 4 curare-tipped darts
 S - 3 atropa-tipped darts
Armour
 b - a +1 helmet of see invisible (worn)
 c - +0 steam dragon scales (worn)
 k - a +2 pair of gloves
 x - the +1 pair of gloves of the Moon Troll (worn) {rC- Regen+ Slay+5 Stlth+}
   (You found it on level 12 of the Dungeon)

   Slay:      It affects your accuracy & damage with ranged weapons and melee
   (+5).
   rC:        It makes you vulnerable to cold.
   Regen:     It increases your rate of health regeneration.
   Stlth:     It makes you more stealthy.
 P - the +1 leather armour of the Fuzzy God {*Corrode rC+++ Slay+2}
   (You bought it in a shop on level 2 of the Orcish Mines)

   Slay:      It affects your accuracy & damage with ranged weapons and melee
   (+2).
   rC:        It renders you almost immune to cold.
   *Corrode:  It may corrode you when you take damage.
 U - a +2 pair of boots of stealth (worn)
 X - a +2 cloak of fire resistance (worn)
Jewellery
 C - a +4 ring of protection (right hand)
 D - a ring of positive energy
 K - a +5 ring of evasion (left hand)
 N - the amulet of Elemental Vulnerability {rPois rF-- rC-- AC+8}
   (You found it on level 9 of the Dungeon)

   [amulet of nothing]

   AC:        It affects your AC (+8).
   rF:        It makes you very vulnerable to fire.
   rC:        It makes you very vulnerable to cold.
   rPois:     It protects you from poison.
 V - an amulet of the acrobat (around neck)
Wands
 g - a wand of digging (9)
 o - a wand of polymorph (17)
 A - a wand of roots (21)
 M - a wand of charming (18)
 T - a wand of acid (11)
 Y - a wand of mindburst (20)
Scrolls
 a - 5 scrolls of brand weapon
 h - 5 scrolls of magic mapping
 p - 4 scrolls of blinking
 q - 8 scrolls of teleportation
 t - 7 scrolls of fear
 v - a scroll of silence
 y - 2 scrolls of vulnerability
 B - 2 scrolls of poison
 E - 2 scrolls of immolation
 F - 3 scrolls of fog
 G - 2 scrolls of enchant weapon
 I - 4 scrolls of enchant armour
 L - 2 scrolls of summoning
 R - 2 scrolls of torment
 Z - a scroll of amnesia
Potions
 f - 5 potions of might
 i - 2 potions of resistance
 l - 7 potions of curing
 m - 2 potions of invisibility
 r - 6 potions of heal wounds
 s - 4 potions of ambrosia
 u - 4 potions of flight
 w - 6 potions of mutation
 z - 4 potions of lignification
 J - 3 potions of attraction
 W - 8 potions of haste


   Skills:
 + Level 15.4 Fighting
 + Level 18.2 Short Blades
 - Level 2.1 Throwing
 + Level 16.6 Dodging
 + Level 20.0 Stealth
 + Level 8.9 Shields


You had 16 spell levels left.
You didn't know any spells.
Your spell library contained the following spells:

 Spells                   Type           Power      Damage    Failure   Level
 Apportation              Tloc           0%         N/A       32%         1
 Foxfire                  Conj/Fire      0%         2x1d4     32%         1
 Kiss of Death            Conj/Necr      0%         2d5       32%         1
 Necrotise                Necr           0%         1d4       32%         1
 Shock                    Conj/Air       0%         1d3       32%         1
 Slow                     Hex            0%         N/A       32%         1
 Sting                    Tmut/Pois      0%         1d3       32%         1
 Summon Small Mammal      Summ           0%         N/A       32%         1
 Ensorcelled Hibernation  Hex/Ice        0%         N/A       45%         2
 Passwall                 Tmut/Erth      0%         N/A       45%         2
 Poisonous Vapours        Pois/Air       0%         N/A       45%         2
 Call Canine Familiar     Summ           0%         N/A       69%         3
 Confusing Touch          Hex            0%         N/A       69%         3
 Portal Projectile        Hex/Tloc       0%         N/A       69%         3
 Summon Guardian Golem    Hex/Summ       0%         N/A       69%         3
 Swiftness                Air            0%         N/A       69%         3
 Tukima's Dance           Hex            0%         N/A       69%         3
 Vampiric Draining        Necr           0%         2d6       69%         3
 Airstrike                Air            0%         2d(0-16)  97%         4
 Dispel Undead            Necr           0%         3d6       97%         4
 Olgreb's Toxic Radiance  Pois           0%         N/A       97%         4
 Agony                    Necr           0%         N/A       100%        5
 Blade Hands              Tmut           0%         N/A       100%        5
 Fireball                 Conj/Fire      0%         3d3       100%        5
 Starburst                Conj/Fire      0%         6d3       100%        6
 Orb of Destruction       Conj           0%         9d5       100%        7
 Spellforged Servitor     Conj/Summ      0%         N/A       100%        7


Dungeon Overview and Level Annotations

Branches:
Dungeon (15/15)            Temple (1/1) D:6            Lair (5/5) D:8
  Swamp (0/4) Lair:3       Spider (4/4) Lair:2        Slime (0/5) Lair:5
    Orc (2/2) D:9             Elf (0/3) Orc:2        Vaults (0/5) D:14
 Depths (0/4) D:15        Volcano (visited)

Altars:
Ashenzari
Cheibriados
Dithmenos
Elyvilon
Fedhas
Gozag
Hepliaklqana
Kikubaaqudgha
Makhleb
Nemelex Xobeh
Okawaru
Qazlal
Ru
Sif Muna
Trog
Uskayaw
Vehumet
Wu Jian
Xom
Yredelemnul
Zin
The Shining One
Jiyva

Shops:
D:5 (   Orc:1 [   Orc:2 *![?*

Portals:
Ice
Cave: Spider:4

Annotations:
D:12 3 runed translucent doors, tgirl's ghost, journeyman SpHu
Spider:3 3 runed translucent doors, HilariousDeathArtist's ghost, journeyman FeTm
Orc:1 2 transporters, Rumaargh's ghost, journeyman NaFE


Innate Abilities, Weirdness & Mutations

Your life essence is reduced to manifest your ancestor. (-10% HP)
You are small and have problems with some larger weapons.
You are completely attuned to the shadows.


Message History

You feel very sick.
Unknown command.
You feel better.
Found a book of Blasting.
Vusi emerges from the mists of memory!
Unknown command.
You hear the faint crackling of a melting archway nearby.
You feel yourself speed up.
You recover from your berserk rage.
A pharaoh ant comes into view.
The pharaoh ant moves out of view.
You see here an ugly thing corpse.
A white very ugly thing comes into view.
The white very ugly thing moves out of view.
The pharaoh ant gives a chilling moan.
You hear a faint skittering sound.
You hear a horrible gurgling sound!
You hear a faint skittering sound.
You hear a shout!
The pharaoh ant completely misses you.
Vusi casts a spell at the pharaoh ant.
The pharaoh ant resists with almost no effort.
You puncture the pharaoh ant!
The pharaoh ant is moderately damaged.
The pharaoh ant completely misses you.
A white ugly thing comes into view.
The white ugly thing stings you! The white ugly thing freezes you!!
You puncture the pharaoh ant!
The pharaoh ant is severely damaged.
The pharaoh ant bites you!
* * * LOW HITPOINT WARNING * * *
You feel drained.
* * * LOW HITPOINT WARNING * * *
The pharaoh ant completely misses you.
A tarantella comes into view.
Vusi hits the pharaoh ant with a +0 dagger of draining.
You puncture the pharaoh ant!
You destroy the pharaoh ant!
The pharaoh ant binds the souls of nearby monsters.
The white ugly thing stings you!
* * * LOW HITPOINT WARNING * * *
The white ugly thing freezes you!!
You die...

,,,,,**** #....###*** ,,*,**,,*
##..^^.#,,** *****^,^***
###.†...,,,** ****,,*,**
###.......,,,,*
***,,,,*^,,*#######...##....,,,,,
*,,,,,,*,,,...[....†###*##..,,,,,
*,,,,,,,,,,.........## *,..,,,,,
,,,*,,,,,,,..........# **,,,,,,,
,,^,,,,,,,,.^..#@R...# ***,,,,,
,,*,,*,^,,,^...u.^...# **,,,,^,
,^,,,,,,,*^.........^# *,,,,,**
,,,,,,,,,,,....u.....# *,,,*,,*
^*,,,,,,,,,..∩...#.s.* ****,,,*
****,,,,,,,.........,*******,,*,,
**^,,,,,,,,,,,,,,,,,^,,**,,*,,,
*,,,,,,,,,,,,,,,,,,*,,,,,^,,,,,
****^,,,,,,*,,,,,,,,,,,,,,,,,,*


You could see the friendly Vusi the hexer, 2 ugly things and a tarantella (soul
bound).

Vanquished Creatures
  Agnes (Spider:1)
  An emperor scorpion (Spider:4)
  A ghost moth (Spider:2)
  Louise (D:15)
  An orc warlord (Orc:1)
  Nessos (D:13)
  Azrael (D:15)
  A spark wasp (Spider:4)
  A fire dragon (Volcano)
  An entropy weaver (Spider:2)
  An ettin (Orc:1)
  Josephine (D:9)
  An ogre mage (D:15)
  5 catoblepae
  4 boulder beetles
  A hydra (Lair:5)
  5 two-headed ogres
  5 centaur warriors
  7 death yaks
  A death scarab (Spider:3)
  2 tengu warriors
  4 orc high priests
  A deep elf knight (Orc:1)
  3 skysharks
  4 skeletal warriors (D:15)
  5 pharaoh ants
  3 orb spiders
  A bog body (Lair:3)
  2 lindwurms (Volcano)
  2 wizards
  A necromancer (D:15)
  Pikel (D:5)
  3 steelbarb worms
  An orc knight (Orc:2)
  4 deep elf pyromancers
  9 wolf spiders
  7 ugly things
  4 orc sorcerers
  3 manticores
  4 cyclopes
  A moth of wrath (Spider:2)
  3 black mambas
  2 centaur zombies (D:15)
  A guardian serpent (shapeshifter) (D:13)
  A naga mage (D:15)
  8 demonic crawlers
  2 gargoyles
  A centaur skeleton (D:15)
  3 smoke demons (Volcano)
  2 cane toads
  An unseen horror (D:10)
  3 kobold demonologists (D:10)
  A redback zombie (D:15)
  8 komodo dragons
  2 rime drakes
  4 trolls
  4 meliai (D:14)
  A polar bear (shapeshifter) (D:15)
  A meliai (shapeshifter) (D:15)
  2 hornets
  10 blink frogs
  7 dream sheep
  4 polar bears
  9 tarantellas
  Prince Ribbit (D:6)
  A blink frog (shapeshifter) (D:13)
  A raiju (shapeshifter) (D:15)
  Sigmund (D:3)
  A meliai zombie (D:15)
  18 jumping spiders
  34 yaks
  7 wraiths
  A yak (shapeshifter) (D:15)
  2 culicivoras
  3 shadows
  2 wyverns
  5 hogs
  4 fire bats (D:10)
  2 basilisks
  6 vampire mosquitoes
  7 steam dragons (Volcano)
  36 redbacks
  2 acid dragons
  6 wargs
  9 hell hounds
  12 water moccasins
  21 orc warriors
  A sky beast (D:5)
  2 ice beasts (D:8)
  A black bear (D:6)
  9 ogres
  8 wolves
  10 centaurs
  4 kobold brigands
  2 phantoms
  Blork the orc (D:6)
  10 bullfrogs
  7 necrophages
  6 scorpions
  14 killer bees
  An electric eel (Lair:1)
  4 howler monkeys
  2 lava snakes (D:10)
  5 hounds
  24 orc priests
  3 jellies
  2 gnoll boudas (D:8)
  3 iguanas (D:5)
  24 orc wizards
  9 adders
  6 gnolls (D:8)
  2 shadow imps (D:7)
  2 white imps (D:6)
  An ufetubus (D:5)
  2 worms
  3 dart slugs
  48 orcs
  5 endoplasms
  3 giant cockroaches
  3 goblins
  5 hobgoblins
  4 jackals (D:1)
  A quokka (D:4)
  6 ball pythons
  3 bats
  A frilled lizard (D:2)
  16 kobolds
  7 rats
  2 fire vortices (D:10)
640 creatures vanquished.

Vanquished Creatures (collateral kills)
  Kirke (D:15)
  A two-headed ogre (D:15)
  4 death yaks
  2 orc high priests (Orc:2)
  A skyshark (Lair:4)
  2 orb spiders
  A wizard (D:15)
  A lindwurm (Volcano)
  2 rime drakes (Lair:4)
  A cane toad (Lair:4)
  A tengu conjurer (D:15)
  2 meliai (D:15)
  2 tarantellas
  A polar bear (Lair:5)
  2 blink frogs (Lair:2)
  A dream sheep (Lair:2)
  4 jumping spiders
  A culicivora (Spider:2)
  A wyvern (Lair:4)
  2 yaks (Lair:5)
  A steam dragon (Volcano)
  3 redbacks
  A warg (Orc:1)
  2 water moccasins
  An orc warrior (Orc:2)
  3 wolves
  An ogre (D:15)
  A centaur (D:15)
  A scorpion (Lair:2)
  A necrophage (Lair:2)
  2 howler monkeys (D:11)
  An electric eel (Lair:1)
  4 orc priests
  7 orc wizards
  A worm (Lair:2)
  3 orcs
  4 butterflies (Lair:5)
70 creatures vanquished.

Vanquished Creatures (others)
  7 hexers
  A fire vortex (D:10)
  20 fungi
  27 plants
55 creatures vanquished.

Grand Total: 765 creatures vanquished

Notes
Turn   | Place    | Note
-------+----------+-------------------------------------------
     0 | D:1      | cforsyth the Kobold Brigand began the quest for the Orb.
     0 | D:1      | Reached XP level 1. HP: 12/12 MP: 1/1
   187 | D:1      | Reached XP level 2. HP: 18/18 MP: 2/2
   586 | D:2      | Reached XP level 3. HP: 22/22 MP: 3/3
   662 | D:2      | Identified the +11 short sword "Leujahah" {pain, rElec rF+
                  | rC+ Str-2}
   801 | D:2      | Reached XP level 4. HP: 25/27 MP: 4/4
  1044 | D:2      | Found a faded altar of an unknown god.
  1136 | D:3      | Found a white marble altar of Elyvilon.
  1207 | D:3      | Noticed Sigmund
  1210 | D:3      | Killed Sigmund
  1211 | D:3      | Reached skill level 6 in Stealth
  1211 | D:3      | Reached XP level 5. HP: 33/33 MP: 5/5
  1211 | D:3      | Reached XP level 6. HP: 38/38 MP: 6/6
  1827 | D:4      | Reached skill level 5 in Short Blades
  1827 | D:4      | Reached skill level 7 in Stealth
  2005 | D:4      | Reached XP level 7. HP: 21/43 MP: 7/7
  2673 | D:5      | Entered Level 5 of the Dungeon
  2676 | D:5      | Noticed a water moccasin
  2681 | D:5      | Killed a water moccasin
  2771 | D:5      | Reached XP level 8. HP: 48/48 MP: 8/8
  2805 | D:5      | Reached skill level 5 in Dodging
  2805 | D:5      | Reached skill level 8 in Stealth
  2827 | D:5      | Found Nyos's Antique Weapon Emporium.
  2831 | D:5      | Reached skill level 5 in Fighting
  3235 | D:5      | Found an ancient bone altar of Kikubaaqudgha.
  3533 | D:6      | Noticed Pikel
  3585 | D:5      | Killed Pikel
  3586 | D:5      | Reached skill level 9 in Stealth
  3586 | D:5      | Reached XP level 9. HP: 10/55 MP: 9/9
  3821 | D:6      | Noticed Blork the orc
  3825 | D:6      | Killed Blork the orc
  3868 | D:6      | Noticed Prince Ribbit
  3886 | D:6      | Killed Prince Ribbit
  4008 | D:6      | Reached skill level 10 in Stealth
  4225 | D:6      | Identified the +9 quarterstaff of the Silent Majority
                  | {elec, rElec}
  4357 | D:6      | Found a staircase to the Ecumenical Temple.
  4544 | Temple   | Entered the Ecumenical Temple
  5712 | D:8      | Identified the -1 cloak of Amelioration {rPois Dex+4
                  | Stlth+}
  5882 | D:8      | Reached XP level 10. HP: 63/63 MP: 10/10
  5920 | D:8      | Reached skill level 11 in Stealth
  6005 | D:8      | Found a glowing golden altar of the Shining One.
  6084 | D:8      | Noticed a deep elf pyromancer
  6094 | D:8      | Killed a deep elf pyromancer
  6202 | D:8      | Noticed a catoblepas
  6204 | D:8      | Found a shimmering altar of Xom.
  6236 | D:8      | Killed a catoblepas
  6237 | D:8      | Reached skill level 10 in Short Blades
  6503 | D:8      | Found a shimmering blue altar of Sif Muna.
  6668 | D:8      | Found a staircase to the Lair.
  6944 | D:9      | Reached skill level 12 in Stealth
  7146 | D:9      | Found the amulet of Elemental Vulnerability {rPois rF--
                  | rC-- AC+8}
  7253 | D:9      | Found a hazy altar of Hepliaklqana.
  7374 | D:9      | Became a worshipper of Hepliaklqana the Forgotten
  7469 | D:9      | Reached XP level 11. HP: 69/69 MP: 11/11
  7605 | D:9      | Found a staircase to the Orcish Mines.
  7653 | D:9      | Noticed a two-headed ogre
  7657 | D:9      | Killed a two-headed ogre
  7830 | D:10     | Entered Level 10 of the Dungeon
  7920 | D:10     | Noticed Josephine
  8243 | D:10     | Reached skill level 10 in Dodging
  8267 | D:10     | Reached skill level 13 in Stealth
  8278 | D:10     | Noticed a sixfirhy
  9145 | D:10     | Found a basalt altar of Yredelemnul.
  9457 | D:9      | Killed Josephine
  9458 | D:9      | Reached skill level 10 in Fighting
  9752 | D:10     | Reached XP level 12. HP: 77/77 MP: 12/12
  9886 | D:11     | Reached skill level 14 in Stealth
  9972 | D:11     | Reached * piety under Hepliaklqana
 10563 | D:12     | Identified the +1 pair of gloves of the Moon Troll {rC-
                  | Regen+ Slay+5 Stlth+}
 10771 | D:12     | Reached skill level 1 in Shields
 10966 | D:12     | Noticed tgirl's ghost (journeyman SpHu)
 11004 | D:12     | Found a runed translucent gate.
 11005 | D:12     | Found a runed translucent gate.
 11006 | D:12     | Found a runed translucent gate.
 11538 | Lair:1   | Entered Level 1 of the Lair of Beasts
 11673 | Lair:1   | Reached ** piety under Hepliaklqana
 11674 | Lair:1   | Remembered your ancestor Vusi as a hexer
 12461 | Lair:1   | Reached skill level 15 in Stealth
 12954 | Lair:2   | Identified the +8 flail "Fucw" {freeze, rF+}
 12966 | Lair:2   | Found a dark tunnel.
 12974 | Volcano  | Entered a volcano
 13112 | Volcano  | Reached XP level 13. HP: 75/75 MP: 13/13
 13767 | Volcano  | Noticed a fire dragon
 13782 | Volcano  | Killed a fire dragon
 13959 | Lair:2   | Identified the +1 scale mail of Zoeh {Int+3}
 14082 | Lair:2   | Identified the +6 hand axe of Indignation {drain, rC+++}
 14173 | Lair:2   | Found a hole to the Spider Nest.
 14993 | Lair:3   | Reached skill level 16 in Stealth
 15181 | Lair:3   | Reached *** piety under Hepliaklqana
 15261 | Lair:3   | Found a staircase to the Swamp.
 16242 | Lair:3   | Identified the +3 robe "Icigayst" {rC- Will+ Dex+5}
 16505 | Lair:3   | Reached XP level 14. HP: 82/82 MP: 14/14
 16602 | Lair:4   | Reached skill level 5 in Shields
 17071 | Lair:4   | Reached skill level 15 in Short Blades
 17213 | Lair:4   | Reached **** piety under Hepliaklqana
 17778 | Lair:5   | Entered Level 5 of the Lair of Beasts
 18174 | Lair:5   | Found a viscous altar of Jiyva.
 18175 | Lair:5   | Found a staircase to the Slime Pits.
 18245 | Lair:5   | Reached skill level 17 in Stealth
 18659 | Lair:5   | Identified the ring "Foidamaz" {Ice Str+3 Int+7 Slay-4}
 19699 | Orc:1    | Entered Level 1 of the Orcish Mines
 19775 | Orc:1    | Found a transporter.
 19779 | Orc:1    | Noticed Rumaargh's ghost (journeyman NaFE)
 19845 | Orc:1    | You fall into a shaft and drop 1 floor!
 19845 | Orc:2    | Entered Level 2 of the Orcish Mines
 20119 | Orc:2    | Found Aviwky's General Store.
 20133 | Orc:2    | Reached ***** piety under Hepliaklqana
 20178 | Orc:2    | Reached XP level 15. HP: 57/89 MP: 15/15
 20908 | Orc:2    | Found Sugocwir's Assorted Antiques.
 20909 | Orc:2    | Found Nyraduf's Magic Scroll Shoppe.
 20911 | Orc:2    | Found Wodot's Distillery.
 20911 | Orc:2    | Found Xamupit's Antique Armour Emporium.
 20932 | Orc:2    | Bought a pair of embroidered boots for 217 gold pieces
 20932 | Orc:2    | Bought a transparent leather armour for 203 gold pieces
 20932 | Orc:2    | Identified the +1 leather armour of the Fuzzy God {*Corrode
                  | rC+++ Slay+2} (You bought it in a shop on level 2 of the
                  | Orcish Mines)
 21056 | Orc:2    | Found a staircase to the Elven Halls.
 21797 | Orc:1    | Reached skill level 18 in Stealth
 21797 | Orc:1    | HP: 3/90 [red devil/+0 trident[an orc sorcerer] (4)]
 22004 | Orc:1    | Found a transporter.
 22165 | Orc:1    | Found Sodatz's Antique Armour Boutique.
 22192 | Orc:1    | Bought a pair of embroidered boots for 217 gold pieces
 22396 | Orc:1    | Noticed an orc warlord
 22601 | Orc:1    | Killed an orc warlord
 23631 | D:13     | Noticed Nessos
 23635 | D:13     | Killed Nessos
 23682 | D:13     | Reached skill level 15 in Dodging
 24562 | D:14     | Found a gate to the Vaults.
 24740 | D:15     | Entered Level 15 of the Dungeon
 24740 | D:15     | Noticed Kirke
 24892 | D:15     | Killed Kirke
 24955 | D:15     | Reached XP level 16. HP: 35/96 MP: 16/16
 25227 | D:15     | Noticed Azrael
 25244 | D:15     | Killed Azrael
 25348 | D:15     | Found a staircase to the Depths.
 25551 | D:15     | Found a bloodstained altar of Trog.
 25582 | D:15     | Noticed Louise
 25599 | D:15     | Killed Louise
 25633 | D:15     | Reached skill level 19 in Stealth
 26433 | Spider:1 | Entered Level 1 of the Spider Nest
 26595 | Spider:1 | Noticed Agnes
 26605 | Spider:1 | HP: 3/96 [Agnes/+4 lajatang of speed (26)]
 26607 | Spider:1 | Killed Agnes
 27081 | Spider:2 | Reached ****** piety under Hepliaklqana
 27195 | Spider:2 | Reached skill level 15 in Fighting
 27710 | Spider:2 | Reached XP level 17. HP: 80/101 MP: 17/17
 28601 | Spider:3 | Noticed HilariousDeathArtist's ghost (journeyman FeTm)
 28610 | Spider:3 | Found a runed translucent gate.
 28616 | Spider:3 | Found a runed translucent gate.
 28617 | Spider:3 | Found a runed translucent gate.
 28735 | Spider:3 | Reached skill level 20 in Stealth
 28953 | Spider:4 | Entered Level 4 of the Spider Nest
 28985 | Spider:4 | Found a frozen archway.
 29068 | Spider:4 | HP: 2/101 [poisoned by an emperor scorpion]
 29122 | Spider:4 | Slain by a white ugly thing

Illustrated notes

Levels and vault maps discovered:
D:1:      dpeg_arrival_fog, layout_rooms
D:2:      layout_basic, chequers_ecumenical_altar_island, kennysheep_nub,
          minmay_distorted
D:3:      layout_rooms, overflow_temple_1_default, kennysheep_generic_room_6,
          uniq_sigmund
D:4:      layout_gridville, dreamdust_wishing_well
D:5:      layout_rooms, mainiacjoe_overflow_six_doors_small, nrook_mini_vaults,
          kennysheep_windowed_goal
D:6:      layout_gridville, temple_pool_b, chequers_arboretum, nicolae_sextant,
          uniq_prince_ribbit1, uniq_blork_the_orc, uniq_pikel
D:7:      layout_loops_ring, corexii_hall_statues_i
D:8:      minmay_ornate_pinched, layout_loops_corners,
          nicolae_overflow_crystal_walls, kennysheep_orc_sif_temple,
          mainiacjoe_overflow_concentric_impassable
D:9:      layout_roguey, nzn_hepliaklqana_mist_gate, david_orc_1_choice
D:10:     layout_basic, mainiacjoe_overflow_tiny_flanked, minivault_25_ag,
          grunt_ministairs_8, hangedman_incinerator, uniq_josephine
D:11:     layout_rooms
D:12:     layout_basic, gammafunk_ghost_icy
D:13:     layout_cave_pools, dk_noncrumbling_4, uniq_nessos
D:14:     nicolae_cairo_tiling, layout_cave_pools,
          nicolae_concentric_dashed_squares_wild, grunt_ministairs_10
D:15:     grunt_enter_depths_magical_seal, layout_basic, lemuel_crystal_altar,
          minmay_puff, uniq_louise, uniq_kirke, uniq_azrael
Temple:   regret_index_temple_waves
Lair:1:   layout_roguey, cheibrodos_lair_reptile_den,
          infiniplex_staircase_pool_2, serial_bayou_shore_a, grunt_megastairs_2
Lair:2:   layout_roguey, nicolae_spider_entry_non_spiders, enter_volcano_3,
          roderic_carrion_pond, lemuel_fruit_tree
Lair:3:   layout_long_grid, skrybe_swamp_entry_bodies
Lair:4:   layout_regular_city, nicolae_lair_lil_pond, lemuel_fruit_fields
Lair:5:   evilmike_catoblepas_cave, layout_regular_city, slime_entry_1,
          serial_bayou_crossing, lemuel_fruit_fields, lemuel_fruit_fields
Spider:1: layout_spider_delve, uniq_agnes
Spider:2: layout_spider_delve
Spider:3: layout_spider_delve, gammafunk_ghost_split
Spider:4: guppyfry_spider_rune, portal_ice_cave_entry_ugly_swarm,
          beargit_elvish_explorers, uniq_arachne
Orc:1:    layout_diamond_mine, serial_shops, shop, gammafunk_ghost_stat_death,
          elf_legates
Orc:2:    st_orc_mages, layout_caves, serial_shops, nicolae_shop_hallway_stairs

Skill      XL: |  1  2  3  4  5  6  7  8  9 10 11 12 13 14 15 16 17 |
---------------+----------------------------------------------------+-----
Short Blades   | 3 4 5 7 8 10 12 13 14 15 16 17 18 | 18.2
Dodging        | 2 3 4 6 7 9 11 12 13 14 15 16 | 16.6
Fighting       | 3 4 6 7 8 10 11 12 13 14 15 | 15.4
Stealth        | 6 7 9 10 12 13 15 16 17 18 19 20 | 20.0
Shields        | 2 4 6 7 8 |  8.9
Throwing       | |  2.1

Action                     |  1- 3 |  4- 6 |  7- 9 | 10-12 | 13-15 | 16-18 || total
---------------------------+-------+-------+-------+-------+-------+-------++-------
  Melee: Dagger            |     4 |       |       |       |       |       ||     4
         Short sword       |    30 |       |       |       |   120 |   533 ||   683
         Rapier            |     9 |    59 |   195 |   606 |   928 |       ||  1797
         Punch             |       |       |     3 |     5 |    13 |     7 ||    28
         Unarmed           |       |       |       |       |     1 |       ||     1
 Invoke: Ancestor Life: He |       |       |       |     1 |       |       ||     1
         Recall Ancestor   |       |       |       |       |     2 |       ||     2
    Use: Potion            |       |       |     2 |     2 |     3 |     4 ||    11
         Scroll            |       |       |       |     2 |    26 |     3 ||    31
   Stab: Sleeping          |    20 |     5 |    22 |    47 |    42 |    29 ||   165
         Distracted        |       |     3 |     1 |    10 |    27 |     9 ||    50
         Confused          |       |       |       |     3 |    29 |     9 ||    41
         Paralysed         |       |       |       |       |    16 |    29 ||    45
 Armour: Robe              |     7 |    16 |    25 |     8 |       |       ||    56
         Leather armour    |       |       |       |    81 |    25 |       ||   106
         Steam dragon scal |       |       |       |       |   116 |    84 ||   200
  Dodge: Dodged            |    34 |    49 |   115 |   416 |   766 |   601 ||  1981

Table legend: (Time is in decaauts)
 A = Elapsed time spent in this place.
 B = Non-inter-level travel time spent in this place.
 C = Inter-level travel time spent in this place.
 D = Time resting spent in this place.
 E = Time spent auto-exploring this place.
 F = Levels seen in this place.
 G = Mean time per level.
                   A        B        C        D        E       F      G
               +--------+--------+--------+--------+--------+-----+--------+
         Total |  28182 |  26106 |   2076 |   3630 |  17986 |  28 | 1006.5 |
       Dungeon |  14512 |  13105 |   1407 |   1502 |   9513 |  15 |  967.5 |
        Temple |    165 |     90 |     75 |      0 |     74 |   1 |  165.0 |
          Lair |   7012 |   6616 |    396 |    641 |   4828 |   5 | 1402.4 |
   Spider Nest |   2502 |   2441 |     61 |    122 |   1743 |   4 |  625.5 |
  Orcish Mines |   3090 |   2956 |    134 |    799 |   1691 |   2 | 1545.0 |
       Volcano |    899 |    899 |      0 |    565 |    135 |   1 |  899.0 |
               +--------+--------+--------+--------+--------+-----+--------+

Top non-repeatable levels by time:
   Orc:1: 1757 daAuts
    D:10: 1673 daAuts
  Lair:5: 1613 daAuts
     D:9: 1528 daAuts
  Lair:1: 1443 daAuts
  Lair:2: 1379 daAuts
     D:8: 1375 daAuts
   Orc:2: 1332 daAuts
  Lair:3: 1331 daAuts
  Lair:4: 1244 daAuts
    D:15: 1232 daAuts
     D:4: 1096 daAuts
    D:12: 1079 daAuts
Spider:2: 1071 daAuts
     D:6: 1004 daAuts
